 Dungeon Crawl Stone Soup version 0.25.0-15-gac7dcb8919 (webtiles) character file.

Game seed: 4128822977837262389

1082 nojaa the Magician (level 8, 23/41 HPs)
             Began as a Kobold Venom Mage on June 28, 2020.
             Starved to death
             ... in an ossuary.
             The game lasted 00:46:51 (7678 turns).

nojaa the Magician (Kobold Venom Mage)              Turns: 7678, Time: 00:46:52

Health: 23/41      AC:  2    Str:  5    XL:     8   Next: 55%
Magic:  16/16      EV: 16    Int: 19    God:
Gold:   81         SH:  0    Dex: 21    Spells: 5/18 levels left

rFire    . . .     SeeInvis .   t - +0 long sword
rCold    . . .     Gourm    .   (shield restricted)
rNeg     . . .     Faith    .   a - +0 robe
rPois    .         Spirit   .   (no helmet)
rElec    .         Reflect  .   (no cloak)
rCorr    .         Harm     .   (no gloves)
MR       .....                  (no boots)
Stlth    +++.......             (no amulet)
HPRegen  0.13/turn              e - +6 ring of dexterity
MPRegen  0.15/turn              (no ring)

@: fainting
A: small, carnivore
a: no special abilities


You were in an ossuary.
You were fainting.

You visited 1 branch of the dungeon, and saw 4 of its levels.
You also visited: Ossuary.

You collected 81 gold pieces.

Inventory:

Hand Weapons
 t - a +0 long sword (weapon)
Missiles
 h - 82 stones
 l - 5 boomerangs
 v - 6 poisoned darts (quivered)
Armour
 a - a +0 robe (worn)
Jewellery
 e - a +6 ring of dexterity (left hand)
Wands
 k - a wand of flame (2)
Scrolls
 c - a scroll of identify
 i - a scroll of fear
 j - a scroll of magic mapping
 m - 2 scrolls of teleportation
 n - a scroll of immolation {unknown}
 o - a scroll of fog
 p - a scroll of remove curse {unknown}
 u - a scroll of noise {unknown}
 y - a scroll of random uselessness {unknown}
Potions
 b - a potion of flight
 d - a potion of lignification
 f - a potion of resistance {unknown}
 g - a potion of haste {unknown}
 q - a potion of degeneration {unknown}
 r - 2 potions of mutation
 s - 4 potions of brilliance
 w - a potion of magic {unknown}
 x - a potion of berserk rage {unknown}


   Skills:
 - Level 2.4 Dodging
 - Level 2.6 Stealth
 - Level 0.2 Unarmed Combat
 + Level 5.8 Spellcasting
 - Level 5.0 Conjurations
 - Level 3.1 Transmutations
 * Level 3.2 Air Magic
 - Level 4.3 Poison Magic


You had 5 spell levels left.
You knew the following spells:

 Your Spells              Type           Power        Failure   Level  Hunger
a - Sting                 Tmut/Pois      ###.         2%          1    None
b - Poisonous Vapours     Pois/Air       ###...       3%          2    None
c - Mephitic Cloud        Conj/Pois/Air  ###.....     6%          3    ##.....
d - Ignite Poison         Fire/Tmut/Pois ###.....     12%         3    ##.....
e - Olgreb's Toxic Radia  Pois           ###.....     19%         4    ####...

Your spell library contained the following spells:

 Spells                   Type           Power        Failure   Level  Hunger


Dungeon Overview and Level Annotations

Branches:
Dungeon (4/15)             Temple (0/1) D:4         Ossuary (1/1)

Altars:
Ashenzari
Cheibriados
Dithmenos
Elyvilon
Makhleb
Trog

Shops:
D:4 [


Innate Abilities, Weirdness & Mutations

You are small and have problems with some larger weapons.
You are carnivorous and can eat meat at any time.


Message History

There is an arrow trap here.
You lose consciousness!
You can move again.
Really walk into that spear trap?
Okay, then.
You avoid triggering a dart trap.
There is a dart trap here.
Really walk into that arrow trap?
An arrow shoots out and hits you!
There is an arrow trap here.
Really walk into that arrow trap?
You avoid triggering an arrow trap.
There is an arrow trap here.
v - 3 poisoned darts (gained 2)
There is an open door here.
v - 4 poisoned darts (gained 1)
v - 5 poisoned darts (gained 1)
v - 6 poisoned darts (gained 1)
You have starved to death.
You die...

#^..#...#...#^^^#...
#^^^'...8...#^^^'...
#^^^#.......#^^^#...
######8...8###'#####
#!!!#.......#..†#...
#...#...8...#...8...
#!!?#...#...#.......
##'###########8...8#
#..@#^^^^^^^#.......
#...'^^^^^^^'...8...
#...#^^^^^^^#...#...
####################


There were no monsters in sight!

Vanquished Creatures
  An ogre (D:3)
  13 scorpions (Ossuary)
  2 hounds (D:4)
  4 human zombies (Ossuary)
  An orc wizard (D:3)
  3 big kobold zombies (Ossuary)
  3 mummies (Ossuary)
  3 adders (D:2)
  5 scorpion zombies (Ossuary)
  A shadow imp (D:2)
  An ooze (D:2)
  A worm (D:3)
  A leopard gecko (D:2)
  2 orcs (D:3)
  A ball python (D:3)
  10 bats
  4 giant cockroaches
  4 goblins
  7 hobgoblins
  A quokka (D:3)
  2 frilled lizards (D:1)
  2 gnoll zombies (Ossuary)
  A goblin zombie (Ossuary)
  11 kobolds
  3 orc zombies (Ossuary)
  3 rats
90 creatures vanquished.

Vanquished Creatures (others)
  A gnoll zombie (Ossuary)
  A goblin zombie (Ossuary)
  A kobold zombie (Ossuary)
3 creatures vanquished.

Grand Total: 93 creatures vanquished

Notes
Turn   | Place    | Note
-------+----------+-------------------------------------------
     0 | D:1      | nojaa the Kobold Venom Mage began the quest for the Orb.
     0 | D:1      | Reached XP level 1. HP: 10/10 MP: 3/3
   164 | D:1      | Reached XP level 2. HP: 15/15 MP: 3/5
   233 | D:1      | Learned a level 2 spell: Poisonous Vapours
   726 | D:1      | Reached XP level 3. HP: 19/19 MP: 3/6
   847 | D:1      | Learned a level 3 spell: Mephitic Cloud
  1391 | D:2      | Found a shattered altar of Ashenzari.
  1621 | D:2      | Reached XP level 4. HP: 24/24 MP: 4/8
  1817 | D:2      | Learned a level 3 spell: Ignite Poison
  2517 | D:3      | Noticed an ogre
  2543 | D:3      | Killed an ogre
  2543 | D:3      | Reached XP level 5. HP: 7/28 MP: 7/10
  2807 | D:3      | Reached XP level 6. HP: 10/32 MP: 2/11
  3075 | D:3      | Found a shadowy altar of Dithmenos.
  3077 | D:3      | Found a burning altar of Makhleb.
  3100 | D:3      | Found a bloodstained altar of Trog.
  3102 | D:3      | Found a white marble altar of Elyvilon.
  3103 | D:3      | Found a snail-covered altar of Cheibriados.
  3356 | D:4      | Found Lebere's Antique Armour Boutique.
  3483 | D:4      | Found a sand-covered staircase.
  3488 | Ossuary  | Entered an ossuary
  3816 | Ossuary  | Reached XP level 7. HP: 36/36 MP: 6/13
  4001 | Ossuary  | Learned a level 4 spell: Olgreb's Toxic Radiance
  4967 | Ossuary  | Reached skill level 1 in Conjurations
  6116 | Ossuary  | Reached skill level 5 in Spellcasting
  6565 | Ossuary  | Reached XP level 8. HP: 38/41 MP: 13/15
  7460 | Ossuary  | HP: 2/41 [poisoned by a scorpion]
  7639 | Ossuary  | Paralysed by fainting for 5 turns
  7653 | Ossuary  | Reached skill level 5 in Conjurations
  7658 | Ossuary  | Paralysed by fainting for 9 turns
  7678 | Ossuary  | Starved to death

Illustrated notes

Levels and vault maps discovered:
D:1:      mrwooster_arrival_statue_3, layout_basic, grunt_decor_cap,
          minmay_circled_x
D:2:      layout_loops_cross, lemuel_coloured_pillars_altar,
          minmay_crystal_room, st_stairs_14
D:3:      layout_basic, grunt_temple_overflow_open, kennysheep_generic_room_15
D:4:      cheibrodos_old_hovel, layout_rooms, nicolae_overflow_crystal_walls,
          fedhas_altar_2, minmay_temple_entry_overgrown, enter_ossuary_2,
          serial_shops, shop, serial_park_tiny_2, nicolae_ru_awakened_eye
Ossuary:  ossuary_minmay_scorpions

Skill      XL: |  1  2  3  4  5  6  7  8 |
---------------+-------------------------+-----
Transmutations | 2 3 |  3.1
Spellcasting   | 3 4 5 |  5.8
Air Magic      | 2 3 |  3.2
Poison Magic   | 4 |  4.3
Conjurations   | 3 5 |  5.0
Dodging        | |  2.4
Stealth        | |  2.6
Unarmed Combat | |  0.2

Action                   |  1- 3 |  4- 6 |  7- 9 || total
-------------------------+-------+-------+-------++-------
Melee: Unarmed           |    15 |       |       ||    15
       Club              |    13 |       |       ||    13
       Short sword       |       |     4 |       ||     4
       Long sword        |       |    15 |   150 ||   165
Throw: Dart              |       |       |    29 ||    29
 Cast: Sting             |    58 |    85 |    55 ||   198
       Poisonous Vapours |       |     7 |    16 ||    23
Evoke: Wand              |       |       |    22 ||    22
  Use: Scroll            |     4 |     5 |     2 ||    11
       Potion            |       |     1 |     3 ||     4
  Eat: Chunk             |    10 |     7 |       ||    17
       Ration            |       |       |     1 ||     1
Armor: Robe              |    16 |     3 |     6 ||    25
Dodge: Dodged            |    69 |    48 |   137 ||   254
       Rpst.: Long sword |       |    10 |    57 ||    67
